 Dungeon Crawl Stone Soup version 0.31-a0-236-g9a0961fb85 (webtiles) character file.

Game seed: 14250557018296648679

95 qw the Shooter (level 4, -2/26 HPs)
             Began as a Gargoyle Hexslinger on July 9, 2023.
             Slain by a gnoll
             ... wielding a +0 halberd
              (4 damage)
             ... on level 2 of the Dungeon.
             The game lasted 00:00:33 (1357 turns).

qw the Shooter (Gargoyle Hexslinger)                Turns: 1357, Time: 00:00:33

Health: -2/26      AC:  8    Str: 12    XL:     4   Next: 65%
Magic:  5/5        EV: 10    Int: 13    God:
Gold:   54         SH:  0    Dex: 14    Spells: 4/5 levels left

rFire   . . .        Y - +4 sling
rCold   . . .        (no shield)
rNeg    + . .        b - +0 ring mail
rPois   inf          (no helmet)
rElec   +            (no cloak)
rCorr   .            (no gloves)
SInv    .            (no boots)
Will    .....        (no amulet)
Stlth   +            (no ring)
HPRegen 0.24/turn    (no ring)
MPRegen 0.09/turn

%: no passive effects
@: no status effects
A: sickness immunity, AC +3, negative energy resistance 1, electricity
resistance, torment resistance 1, petrification resistance
a: no special abilities


You were on level 2 of the Dungeon.
You visited 1 branch of the dungeon, and saw 4 of its levels.

You collected 54 gold pieces.


Innate Abilities, Weirdness & Mutations

You are immune to sickness and miasma.
Your stone body is resilient. (AC +3)
You are immune to poison.
You resist negative energy. (rN+)
You are resistant to electric shocks. (rElec)
You are resistant to unholy torment.
You are immune to petrification.


   Skills:
 - Level 2.0 Fighting
 + Level 4.2 Ranged Weapons
 - Level 1.0 Armour
 - Level 1.5 Dodging
 - Level 1.0 Spellcasting
 - Level 2.6 Hexes


You had 4 spell levels left.
You knew the following spells:

 Your Spells              Type           Power      Damage    Failure   Level
a - Slow                  Hex            28%        N/A       22%         1

Your spell library contained the following spells:

 Spells                   Type           Power      Damage    Failure   Level
 Inner Flame              Hex/Fire       4%         N/A       73%         3
 Portal Projectile        Hex/Tloc       8%         N/A       73%         3
 Cause Fear               Hex            3%         N/A       91%         4

Inventory:

Hand Weapons
 Y - a +4 sling (weapon)
Armour
 b - a +0 ring mail (worn)
Scrolls
 a - a scroll of teleportation {unknown}
 c - a scroll of amnesia {unknown}
Potions
 d - a potion of haste {unknown}
 e - a potion of curing {unknown}
 h - a potion of heal wounds {unknown}

Dungeon Overview and Level Annotations

Branches:
Dungeon (4/15)
 Temple: D:4-7

Altars:

Annotations:
D:3 1 runed translucent door, Crazy Yiuf


Message History

You shoot a sling bullet.
The sling bullet closely misses the gnoll.
The gnoll barely misses you.
You shoot a sling bullet.
The sling bullet barely misses the gnoll.
The gnoll hits you from afar with a +0 halberd!
The gnoll hits you from afar with a +0 halberd.
You shoot a sling bullet. The sling bullet hits the gnoll!
The gnoll is severely wounded.
The gnoll barely misses you.
You shoot a sling bullet. The sling bullet hits the gnoll.
The gnoll is almost dead.
The gnoll barely misses you.
You shoot a sling bullet.
The sling bullet barely misses the gnoll.
The gnoll barely misses you.
The gnoll hits you from afar with a +0 halberd!
You shoot a sling bullet.
The sling bullet hits the gnoll but does no damage.
The gnoll is almost dead.
The gnoll closely misses you.
A gnoll comes into view. It is wielding a +0 rapier.
You shoot a sling bullet. The gnoll shouts!
The sling bullet hits the gnoll but does no damage.
The gnoll is almost dead.
You hear a shout!
The gnoll barely misses you.
You shoot a sling bullet.
The sling bullet completely misses the gnoll.
The gnoll hits you but does no damage.
You shoot a sling bullet.
The sling bullet completely misses the gnoll.
The gnoll barely misses you.
A hobgoblin comes into view.
The gnoll hits you but does no damage.
You shoot a sling bullet.
The sling bullet barely misses the gnoll.
The gnoll hits you from afar with a +0 halberd.
You die...

# ..... #.#.......
#.#.....####.#.......
#.#.........%#.......
....................
.####.#.#....).........
.>......................
... #.#.#####..........
.....#.#................
.....g%@.....#..........
..?.g........#...%......
.............#..........
g...#........###........
... #........# #........
.. #........# #........
. #........# #........
#........# #........
#........


You could see 2 gnolls and a hobgoblin.

Vanquished Creatures
  4 gnolls (D:2)
  An adder (D:2)
  3 dart slugs
  2 orcs (D:3)
  5 endoplasms
  3 giant cockroaches
  2 goblins
  3 hobgoblins
  4 jackals
  4 bats
  2 frilled lizards (D:3)
  5 kobolds
  2 rats
40 creatures vanquished.

Notes
Turn   | Place    | Note
-------+----------+-------------------------------------------
     0 | D:1      | qw the Gargoyle Hexslinger began the quest for the Orb.
     0 | D:1      | Reached XP level 1. HP: 12/12 MP: 2/2
     0 | D:1      | 0 ||| qw: Version: 0.3-a-51-g015441d
     0 | D:1      | 0 ||| qw: Game counter: 4372
     0 | D:1      | 0 ||| qw: Melee chars always use a shield: true
     0 | D:1      | 0 ||| qw: God list: Okawaru
     0 | D:1      | 0 ||| qw: Allow faded altars: false
     0 | D:1      | 0 ||| qw: Do Orc after clearing Dungeon:15 true
     0 | D:1      | 0 ||| qw: Do second Lair branch before Depths: true
     0 | D:1      | 0 ||| qw: Lair rune preference: random
     0 | D:1      | 0 ||| qw: Goals: Normal
     0 | D:1      | 0 ||| PLANNING D:1-11
   300 | D:1      | Reached XP level 2. HP: 16/16 MP: 3/3
   372 | D:1      | Reached skill level 3 in Ranged Weapons
   545 | D:1      | 545 ||| READING scroll labelled BELOGI MEVVE.
   546 | D:1      | 546 ||| READING 3 scrolls labelled DELUMI XIXIO.
   547 | D:1      | 547 ||| READING 2 scrolls of enchant weapon.
   547 | D:1      | 547 ||| ENCHANTING +2 sling.
   548 | D:1      | 548 ||| READING scroll of enchant weapon.
   548 | D:1      | 548 ||| ENCHANTING +3 sling.
   549 | D:1      | 549 ||| DRINKING 2 amethyst potions.
   550 | D:1      | 550 ||| DROPPING scroll of poison.
   551 | D:1      | 551 ||| DROPPING potion of magic.
   599 | D:2      | Reached XP level 3. HP: 21/21 MP: 4/4
   624 | D:2      | Reached XP level 4. HP: 11/26 MP: 5/5
   636 | D:2      | 636 ||| FLEEEEING.
   698 | D:2      | Reached skill level 4 in Ranged Weapons
   742 | D:2      | You fall into a shaft and drop 2 floors!
   743 | D:4      | 743 ||| READING scroll labelled MIDDUO OSHROSS.
   744 | D:4      | 744 ||| READING scroll labelled WYTSYI TYNGU.
   934 | D:3      | Found a runed translucent door.
   935 | D:3      | Noticed Crazy Yiuf
  1103 | D:3      | 1103 ||| UPGRADING to +0 ring mail.
  1113 | D:3      | 1113 ||| DROPPING +0 robe.
  1114 | D:3      | 1114 ||| READING scroll labelled TEQYJE EVIFUY.
  1115 | D:3      | 1115 ||| READING scroll labelled RUCZEY ZIX IMI.
  1116 | D:3      | 1116 ||| DRINKING 3 fuming brown potions.
  1117 | D:3      | 1117 ||| DROPPING 2 potions of brilliance.
  1330 | D:2      | Reached skill level 1 in Armour
  1352 | D:2      | HP: 1/26 [gnoll/+0 halberd (10)]
  1357 | D:2      | Slain by a gnoll

Levels and vault maps discovered:
D:1:      spicycebolla_green_bress_n_ham, layout_basic
D:2:      layout_basic
D:3:      layout_basic, uniq_crazy_yiuf_cottage
D:4:      layout_basic, serial_shops, nicolae_shop_hallway_stairs,
          minmay_liquid_box, uniq_robin, uniq_blork_the_orc

Skill      XL: |  1  2  3  4 |
---------------+-------------+-----
Ranged Weapons | 3 4 |  4.2
Fighting       | 2 |  2.0
Armour         | 1 |  1.0
Dodging        | |  1.5
Spellcasting   | |  1.0
Hexes          | |  2.6

Action                     |  1- 3 |  4- 6 || total
---------------------------+-------+-------++-------
   Fire: Sling             |    58 |    54 ||   112
    Use: Scroll            |     4 |     4 ||     8
         Potion            |     1 |     1 ||     2
 Armour: Robe              |    10 |     1 ||    11
         Ring mail         |       |     9 ||     9
  Dodge: Dodged            |    11 |    20 ||    31

Table legend:
 A = Non-vault XP
 B = Vault XP
 C = Vault XP percentage of total XP
 D = Non-vault monster count
 E = Vault monster count
 F = Vault count percentage of total count
                 A         B        C        D         E       F
            +---------+---------+-------+---------+---------+-------
      Total |     136 |       0 |   0.0 |      40 |       0 |   0.0
            +---------+---------+-------+---------+---------+-------
        D:1 |      29 |       0 |   0.0 |      16 |       0 |   0.0
        D:2 |      86 |       0 |   0.0 |      13 |       0 |   0.0
        D:3 |      21 |       0 |   0.0 |      11 |       0 |   0.0
            +---------+---------+-------+---------+---------+-------
